 Dungeon Crawl Stone Soup version 0.31-a0-744-gbc345e7fcb (webtiles) character file.

Game seed: 5167506604475092158

35774 Dirtsage the Mimic (level 13, -11/147 HPs)
             Began as a Demonspawn Berserker on Sept 13, 2023.
             Was a High Priest of Trog.
             Mangled by a komodo dragon (15 damage)
             ... on level 5 of the Lair of Beasts.
             The game lasted 00:32:35 (12377 turns).

Dirtsage the Mimic (Demonspawn Berserker)          Turns: 12377, Time: 00:32:36

Health: -11/147    AC: 20    Str: 21    XL:     13   Next: 49%
Magic:  13/13      EV: 12    Int:  9    God:    Trog [*****.]
Gold:   489        SH:  0    Dex: 14    Spells: 12/12 levels left

rFire   x .          .
                       - Unarmed
rCold   . . .        (no shield)
rNeg    . . .        E - +2 plate armour {rPois}
rPois   +            n - +0 helmet
rElec   .            s - +1 cloak
rCorr   +            (gloves unavailable)
SInv    +            (no boots)
Will    ++...        d - amulet of regeneration Stlth
                     J - ring of Vorphego {rPois rF- Will++ rCorr SInv Stlth+}
HPRegen 1.24/turn    O - +5 ring of evasion
MPRegen 0.13/turn

%: no passive effects
@: berserking, studying Long Blades, very quick
A: claws 3, yellow scales 1, powered by pain 1, spiny 1
a: Renounce Religion, Berserk, Trog's Hand, Brothers in Arms


You were on level 5 of the Lair of Beasts.
You worshipped Trog.
Trog was extremely pleased with you.
You visited 3 branches of the dungeon, and saw 17 of its levels.

You collected 1029 gold pieces.
You spent 540 gold pieces at shops.

Inventory:

Armour
 a - a +2 ring mail of positive energy
 m - a +0 cloak
 n - a +0 helmet (worn)
 s - a +1 cloak (worn)
 u - a +0 troll leather armour
 E - a +2 plate armour of poison resistance (worn)
 N - a +1 helmet
Jewellery
 d - an amulet of regeneration (around neck)
 j - a ring of ice
 o - an amulet of faith
 A - a ring of fire
 J - the ring of Vorphego (left claw) {rPois rF- Will++ rCorr SInv Stlth+}
   (You bought it in a shop on level 5 of the Dungeon)

   [ring of see invisible]

   rF-:       It makes you vulnerable to fire.
   rPois:     It protects you from poison Will++: It greatly increases your
   willpower.
   SInv:      It lets you see invisible.
   rCorr:     It protects you from acid and corrosion.
   Stlth+:    It makes you more stealthy.
 K - an amulet of magic regeneration
 O - a +5 ring of evasion (right claw)
 P - a +6 ring of strength
Talismans
 z - a granite talisman
Wands
 q - a wand of roots (6)
 x - a wand of flame (69)
 D - a wand of polymorph (4)
Scrolls
 b - a scroll of vulnerability
 c - 2 scrolls of enchant weapon
 e - 3 scrolls of revelation
 r - 3 scrolls of fog
 t - a scroll of teleportation
 v - 2 scrolls of noise
 y - 4 scrolls of amnesia
 B - 3 scrolls of blinking
 F - a scroll of immolation
 H - a scroll of poison
 M - a scroll of silence
 Q - a scroll of enchant armour
Potions
 f - 2 potions of attraction
 g - 3 potions of curing {unknown}
 h - 4 potions of haste
 k - 4 potions of degeneration
 l - 5 potions of heal wounds
 p - 2 potions of mutation
 w - 4 potions of enlightenment
 C - 2 potions of berserk rage
 G - a potion of cancellation {unknown}
 I - a potion of brilliance {unknown}
 L - a potion of resistance {unknown}


   Skills:
 - Level 8.0 Fighting
 - Level 3.8 Axes
 - Level 5.9 Armour
 - Level 1.7 Dodging
 - Level 3.7 Shields
 - Level 10.9 Unarmed Combat
 - Level 4.1 Evocations
 * Level 13.9 Shapeshifting


You had 12 spell levels left.
You didn't know any spells.
Your spell library contained the following spells:

 Spells                   Type           Power      Damage    Failure   Level
 Foxfire                  Conj/Fire      0%         2x1d4     100%        1
 Sandblast                Erth           0%         2d4       100%        1
 Ensorcelled Hibernation  Hex/Ice        0%         N/A       100%        2
 Passwall                 Tmut/Erth      0%         N/A       100%        2
 Scorch                   Fire           0%         2d5       100%        2
 Wereblood                Tmut           0%         N/A       100%        2
 Call Canine Familiar     Summ           0%         N/A       100%        3
 Ignite Poison            Fire/Tmut/Pois 0%         N/A       100%        3
 Inner Flame              Hex/Fire       0%         N/A       100%        3
 Sigil of Binding         Hex            0%         N/A       100%        3
 Stone Arrow              Conj/Erth      0%         3d7       100%        3
 Swiftness                Air            0%         N/A       100%        3
 Dimensional Bullseye     Hex/Tloc       0%         N/A       100%        4
 Flame Wave               Conj/Fire      0%         2d4       100%        4
 Leda's Liquefaction      Hex/Erth       0%         N/A       100%        4
 Sticky Flame             Conj/Fire      0%         2d3       100%        4
 Summon Ice Beast         Ice/Summ       0%         N/A       100%        4
 Irradiate                Conj/Tmut      0%         3d11      100%        5
 Summon Forest            Summ/Tloc      0%         N/A       100%        5
 Summon Mana Viper        Hex/Summ       0%         N/A       100%        5
 Conjure Ball Lightning   Conj/Air       0%         3x3d6     100%        6
 Eringya's Noxious Bog    Tmut/Pois      0%         4d6       100%        6
 Plasma Beam              Fire/Air       0%         2x1d10    100%        6
 Starburst                Conj/Fire      0%         6d3       100%        6
 Summon Cactus Giant      Summ           0%         N/A       100%        6
 Haunt                    Necr/Summ      0%         N/A       100%        7
 Malign Gateway           Summ/Tloc      0%         N/A       100%        7
 Monstrous Menagerie      Summ           0%         N/A       100%        7
 Summon Hydra             Summ           0%         N/A       100%        7
 Borgnjor's Revivificati  Necr           0%         N/A       100%        8
 Discord                  Hex            0%         N/A       100%        8
 Disjunction              Tloc           0%         N/A       100%        8
 Ignition                 Fire           0%         3d3       100%        8
 Summon Horrible Things   Summ           0%         N/A       100%        8
 Death's Door             Necr           0%         N/A       100%        9


Dungeon Overview and Level Annotations

Branches:
Dungeon (11/15)            Temple (1/1) D:6            Lair (5/5) D:11
  Swamp (0/4) Lair:2        Snake (0/4) Lair:3        Slime (0/5) Lair:4
    Orc: D:9-12

Altars:
Ashenzari
Cheibriados
Dithmenos
Fedhas
Gozag
Hepliaklqana
Kikubaaqudgha
Makhleb
Nemelex Xobeh
Okawaru
Qazlal
Ru
Sif Muna
Trog
Uskayaw
Vehumet
Wu Jian
Xom
Yredelemnul

Shops:
D:1 :   D:5 =(

Portals:
Trove: D:11 (give 8 potions of haste)

Annotations:
D:10 exclusion: door
D:11 3 exclusions


Innate Abilities, Weirdness & Mutations

You have claws for hands.
You are partially covered in yellow scales. (AC +2)
You sometimes gain a little power by taking damage.
You are partially covered in sharp spines.


Message History

* * * LOW HITPOINT WARNING * * *
The water moccasin is struck by your spines.
The water moccasin bites you.
* * * LOW HITPOINT WARNING * * *
You take 17 damage, and have 27/98 hp.
A red film seems to cover your vision as you go berserk!
You feel yourself moving faster!
You feel mighty!
A cane toad comes into view.
The komodo dragon is struck by your spines.
The komodo dragon bites you!!
* * * LOW HITPOINT WARNING * * *
The water moccasin misses you.
You now have 20/147 hp.
The cane toad croaks.
You eviscerate the water moccasin!!!
You kill the water moccasin!
Trog accepts your kill. The komodo dragon bites you.
* * * LOW HITPOINT WARNING * * *
You take 5 damage, and have 15/147 hp.
You barely miss the komodo dragon.
The komodo dragon is moderately wounded.
You scratch the komodo dragon but do no damage.
The komodo dragon is moderately wounded.
The komodo dragon bites you!
* * * LOW HITPOINT WARNING * * *
You take 9 damage, and have 6/147 hp.
You mangle the komodo dragon!!
The komodo dragon is severely wounded.
The komodo dragon is struck by your spines.
The komodo dragon bites you.
* * * LOW HITPOINT WARNING * * *
You take 3 damage, and have 3/147 hp.
You barely miss the komodo dragon.
The komodo dragon is almost dead.
You scratch the komodo dragon.
The komodo dragon is almost dead.
The komodo dragon is struck by your spines.
The komodo dragon bites you!
You die...

#.....(......
####....###..##.
#.......# ######
####......##
#.......###
###......##
#..#.....#
#.P.....##
#P..@.P##
#$.l.### #.....
~~~...F..
#~........
#~.........
##..........
............


You could see a komodo dragon and a cane toad.

Vanquished Creatures
  A hydra (Lair:1)
  A centaur warrior (D:8)
  4 two-headed ogres
  2 boulder beetles
  A death yak (Lair:1)
  A skyshark (Lair:2)
  3 bog bodies (Lair:2)
  A wizard (D:10)
  A cyclops (D:11)
  An oklob plant (Lair:2)
  A moth of wrath (shapeshifter) (D:8)
  2 black mambas
  Maurice (D:9)
  2 torpor snails
  6 cane toads
  A gargoyle (D:10)
  6 komodo dragons
  2 rime drakes
  2 trolls
  3 polar bears
  20 blink frogs
  4 dream sheep (Lair:2)
  A wraith (D:11)
  A water elemental (D:11)
  35 yaks
  2 wyverns
  A steam dragon (D:8)
  4 basilisks
  The ghost of Ge0ff the Shooter, an amateur DgSh (D:5)
  2 vampire mosquitoes (D:10)
  3 wargs (D:11)
  A swamp worm (Lair:2)
  2 acid dragons
  12 water moccasins
  Duvessa (D:4)
  A sky beast (D:7)
  3 orc warriors
  4 ice beasts
  4 black bears
  5 ogres
  A centaur (D:8)
  3 wolves (Lair:3)
  A phantom (D:6)
  15 bullfrogs
  6 kobold brigands
  4 scorpions
  22 wights
  Dowan (D:4)
  16 killer bees
  6 electric eels
  A howler monkey (D:8)
  5 hounds
  A jelly (D:6)
  Crazy Yiuf (D:4)
  2 gnoll boudas
  An iron imp (D:8)
  An iguana (D:6)
  4 orc priests
  A sleepcap (D:6)
  Ijyb (D:4)
  12 orc wizards
  3 gnolls (D:6)
  8 adders
  4 shadow imps
  3 white imps
  An ufetubus (D:7)
  A dart slug (D:5)
  5 worms
  37 orcs
  8 endoplasms
  A giant cockroach (D:2)
  9 goblins
  6 hobgoblins
  2 jackals (D:3)
  19 kobolds
  4 quokkas
  7 ball pythons
  5 bats
  4 frilled lizards
  A goblin skeleton (D:8)
  A goblin zombie (D:8)
  A hobgoblin zombie (D:8)
  2 orc skeletons (D:8)
  4 rats
390 creatures vanquished.

Vanquished Creatures (collateral kills)
  A hydra (Lair:2)
1 creature vanquished.

Grand Total: 391 creatures vanquished

Notes
Turn   | Place    | Note
-------+----------+-------------------------------------------
     0 | D:1      | Dirtsage the Demonspawn Berserker began the quest for the
                  | Orb.
     0 | D:1      | Reached XP level 1. HP: 18/18 MP: 1/1
   109 | D:1      | Noticed a walking divine tome
   111 | D:1      | Found Voempej's Book Shoppe.
   113 | D:1      | Noticed a walking crystal tome
   209 | D:1      | Saving game... please wait.
   251 | D:1      | Gained mutation: You are partially covered in yellow
                  | scales. (AC +2) [demonic ancestry]
   251 | D:1      | Reached XP level 2. HP: 24/24 MP: 2/2
   692 | D:2      | Found a faded altar of an unknown god.
   845 | D:2      | Gained mutation: You have sharp fingernails. [demonic
                  | ancestry]
   845 | D:2      | Reached XP level 3. HP: 20/29 MP: 3/3
   987 | D:2      | Reached skill level 1 in Unarmed Combat
  1362 | D:3      | Reached ** piety under Trog
  1401 | D:3      | Reached XP level 4. HP: 35/35 MP: 4/4
  1458 | D:3      | Noticed an ogre
  1467 | D:3      | Killed an ogre
  1468 | D:3      | Reached XP level 5. HP: 7/41 MP: 5/5
  1502 | D:3      | Found a shimmering altar of Xom.
  2034 | D:4      | Noticed Dowan
  2035 | D:4      | Noticed Duvessa
  2077 | D:4      | Killed Dowan
  2078 | D:4      | Gained mutation: You have very sharp fingernails. [demonic
                  | ancestry]
  2078 | D:4      | Reached XP level 6. HP: 47/47 MP: 6/6
  2089 | D:4      | Killed Duvessa
  2090 | D:4      | Reached skill level 5 in Unarmed Combat
  2314 | D:4      | Found an iron altar of Okawaru.
  2315 | D:4      | Found a basalt altar of Yredelemnul.
  2364 | D:4      | Noticed Ijyb
  2370 | D:4      | Killed Ijyb
  2469 | D:4      | Found a radiant altar of Vehumet.
  2482 | D:4      | Found a runed translucent door.
  2483 | D:4      | Noticed Crazy Yiuf
  2488 | D:4      | Killed Crazy Yiuf
  2606 | D:5      | Entered Level 5 of the Dungeon
  2622 | D:5      | Reached XP level 7. HP: 52/52 MP: 7/7
  2644 | D:5      | Found Hixi's Weapon Shop.
  2673 | D:5      | Found Publyxan's Jewellery Shop.
  2751 | D:5      | Found a shadowy altar of Dithmenos.
  2797 | D:5      | Found a runed translucent door.
  2806 | D:5      | Noticed Ge0ff's ghost (amateur DgSh)
  2821 | D:5      | Killed Ge0ff's ghost
  2869 | D:5      | Found an ornate altar of the Wu Jian Council.
  2929 | D:5      | Reached *** piety under Trog
  3220 | D:5      | Reached XP level 8. HP: 58/58 MP: 8/8
  3341 | D:5      | Found a snail-covered altar of Cheibriados.
  3695 | D:6      | Found a burning altar of Makhleb.
  3696 | D:6      | Found an ancient bone altar of Kikubaaqudgha.
  3902 | D:6      | Gained mutation: You have claws for hands. [demonic
                  | ancestry]
  3902 | D:6      | Reached XP level 9. HP: 61/67 MP: 9/9
  3903 | D:6      | Reached skill level 5 in Fighting
  3930 | D:6      | Noticed a troll
  3947 | D:6      | Killed a troll
  3972 | D:6      | Found the +18 Lear's hauberk
  4055 | D:6      | Found a staircase to the Ecumenical Temple.
  4102 | Temple   | Entered the Ecumenical Temple
  4358 | D:7      | Reached **** piety under Trog
  4587 | D:7      | Reached skill level 1 in Evocations
  4588 | D:7      | Reached skill level 1 in Shields
  4939 | D:7      | Found a hide-covered altar of Uskayaw.
  5144 | D:8      | Reached skill level 5 in Armour
  5202 | D:8      | Reached skill level 10 in Unarmed Combat
  5274 | D:8      | Reached XP level 10. HP: 74/76 MP: 10/10
  5421 | D:8      | Noticed a centaur warrior
  5429 | D:8      | Killed a centaur warrior
  5515 | D:8      | Noticed a steelbarb worm
  5529 | D:8      | a steelbarb worm changed into a moth of wrath
  5529 | D:8      | Noticed a moth of wrath (shapeshifter)
  5531 | D:8      | Killed a moth of wrath
  5619 | D:8      | Saving game... please wait.
  5821 | D:8      | Reached skill level 1 in Shapeshifting
  5903 | D:8      | Reached ***** piety under Trog
  5923 | D:8      | Found a sparkling altar of Nemelex Xobeh.
  6384 | D:9      | Reached skill level 2 in Shapeshifting
  6413 | D:9      | Found a stormy altar of Qazlal.
  6425 | D:9      | Found a blossoming altar of Fedhas.
  6652 | D:9      | Noticed a two-headed ogre
  6657 | D:9      | Killed a two-headed ogre
  6658 | D:9      | Reached skill level 3 in Shapeshifting
  6658 | D:9      | Reached XP level 11. HP: 66/84 MP: 11/11
  6696 | D:9      | Noticed Maurice
  6709 | D:9      | Killed Maurice
  7014 | D:9      | Reached skill level 4 in Shapeshifting
  7265 | D:10     | Entered Level 10 of the Dungeon
  7423 | D:10     | Found a bloodstained altar of Trog.
  7433 | D:10     | Reached skill level 5 in Shapeshifting
  7500 | D:10     | Noticed a two-headed ogre
  7511 | D:10     | Killed a two-headed ogre
  7642 | D:10     | Noticed a wizard
  7642 | D:10     | Noticed a two-headed ogre
  7647 | D:10     | Killed a two-headed ogre
  7648 | D:10     | Reached skill level 6 in Shapeshifting
  7652 | D:10     | Killed a wizard
  7684 | D:10     | Noticed a large abomination
  7684 | D:10     | Noticed a large abomination
  8132 | D:11     | Noticed a two-headed ogre
  8157 | D:11     | Killed a two-headed ogre
  8158 | D:11     | Reached skill level 7 in Shapeshifting
  8180 | D:11     | Found a staircase to the Lair.
  8240 | D:11     | Identified the +3 quarterstaff "Zaodi" {vamp, Dex+3 Stlth-}
  8281 | D:11     | Found a portal to a secret trove of treasure.
  8385 | Lair:1   | Entered Level 1 of the Lair of Beasts
  8423 | Lair:1   | Noticed a death yak
  8432 | Lair:1   | Reached skill level 8 in Shapeshifting
  8437 | Lair:1   | Killed a death yak
  8841 | Lair:1   | Gained mutation: You are partially covered in sharp spines.
                  | [demonic ancestry]
  8841 | Lair:1   | Reached XP level 12. HP: 92/92 MP: 12/12
  9221 | Lair:1   | Noticed a four-headed hydra
  9230 | Lair:1   | Killed an eight-headed hydra
  9231 | Lair:1   | Reached skill level 9 in Shapeshifting
  9473 | D:5      | Bought the ring of Vorphego {rPois rF- Will++ rCorr SInv
                  | Stlth+} for 540 gold pieces
  9858 | Lair:2   | Reached skill level 10 in Shapeshifting
 10187 | Lair:2   | Noticed a boulder beetle
 10217 | Lair:2   | Killed a boulder beetle
 10218 | Lair:2   | Reached skill level 11 in Shapeshifting
 10294 | Lair:2   | Noticed a five-headed hydra
 10299 | Lair:2   | Killed a five-headed hydra
 10461 | Lair:2   | Reached skill level 12 in Shapeshifting
 10484 | Lair:2   | Found a staircase to the Swamp.
 10865 | Lair:3   | Received a gift from Trog
 10869 | Lair:3   | Gained mutation: You sometimes gain a little power by
                  | taking damage. [demonic ancestry]
 10869 | Lair:3   | Reached XP level 13. HP: 81/98 MP: 13/13
 11332 | Lair:3   | Found a staircase to the Snake Pit.
 11567 | Lair:4   | Identified the +9 dagger of Feanie Benon {holy, rElec Str+4
                  | Int+5}
 11625 | Lair:4   | Found a staircase to the Slime Pits.
 11688 | Lair:4   | Reached skill level 13 in Shapeshifting
 12219 | Lair:5   | Entered Level 5 of the Lair of Beasts
 12374 | Lair:5   | HP: 6/147 [komodo dragon (10)]
 12377 | Lair:5   | Mangled by a komodo dragon

Illustrated notes

Levels and vault maps discovered:
D:1:      scummos_arrival_hexagon, layout_basic, serial_shops,
          nicolae_shop_mannequins, serial_aquarium, aquarium_bridge_square
          [aquarium_subvault_bridge, aquarium_subvault_bridge,
          aquarium_subvault_bridge, aquarium_subvault_window],
          aquarium_bridge_square [aquarium_subvault_bridge,
          aquarium_subvault_bridge, aquarium_subvault_bridge,
          aquarium_subvault_wall], aquarium_window_1, aquarium_window_1,
          aquarium_window_corner, aquarium_window_corridor_3, aquarium_view_2d,
          aquarium_balcony_double_2
D:2:      layout_basic, dreamdust_ecumenical_altar_statues, corner_web_ring
D:3:      layout_rooms, nicolae_overflow_hidden_temple,
          ebering_dispersal_statue_hall
D:4:      layout_basic, old_standard_altar, mainiacjoe_overflow_brackets,
          mainiacjoe_overflow_divided_tiny, uniq_ijyb, uniq_duvessa,
          uniq_crazy_yiuf_cottage
D:5:      layout_loops_cross, nicolae_dithmenos_shadow_blocks, slow_altar_2,
          mainiacjoe_overflow_chevrons, ebering_ghost_sewer_d, serial_shops,
          shop, shop
D:6:      layout_basic, gammafunk_temple_overflow_statue,
          minmay_temple_entry_gardened_gates, minivault_1, grunt_ministairs_9,
          hellmonk_guarded_unrand_lears
D:7:      layout_loops_ring, pf_just_have_faith, kennysheep_windowed_goal
D:8:      minmay_the_grid_octo_tiled_squarecenter
          [minmay_the_grid_octo_checkered, minmay_the_grid_octo_horde,
          minmay_the_grid_octo_pinwheel, minmay_the_grid_octo_fat_diamond,
          minmay_the_grid_square_5x5_megaprize_crossed,
          minmay_the_grid_square_5x5_inner_i,
          minmay_the_grid_square_5x5_fancy_junction,
          minmay_the_grid_square_5x5_checkered_sparse,
          minmay_the_grid_square_5x5_tie], layout_loops_corners,
          nicolae_tso_besieged_by_evil, nemelex_xobeh_ov_fountains_minmay
D:9:      layout_long_grid, grunt_temple_overflow_forces_of_nature, uniq_maurice
D:10:     layout_small_grid, mainiacjoe_overflow_catwalk,
          kennysheep_pointless_box, laboratory
D:11:     layout_basic, erik_lair_orcish_takeover,
          kennysheep_orc_monster_closet_entryway, enter_trove_0
Temple:   hellmonk_temple_micro_hex
Lair:1:   layout_regular_city, hibernation_bobbens
Lair:2:   layout_roguey, nicolae_swamp_entry_splash_gauntlet
Lair:3:   layout_gridlike, dummy_snake_entry, basic_altar,
          chequers_serial_rivers_micro_b
Lair:4:   layout_roguey, slime_entry_1, serial_bayou_shore_a, grunt_megastairs_4
Lair:5:   hangedman_lair_in_review, layout_hall_layers,
          chequers_serial_rivers_large_b

Skill      XL: |  1  2  3  4  5  6  7  8  9 10 11 12 13 |
---------------+----------------------------------------+-----
Axes           | 3 |  3.8
Unarmed Combat | 2 3 4 6 7 8 10 | 10.9
Armour         | 2 4 5 |  5.9
Fighting       | 4 6 7 8 |  8.0
Evocations     | 2 4 |  4.1
Shields        | 2 3 |  3.7
Shapeshifting  | 3 8 12 13 | 13.9
Dodging        | |  1.7

Action                     |  1- 3 |  4- 6 |  7- 9 | 10-12 | 13-15 || total
---------------------------+-------+-------+-------+-------+-------++-------
  Melee: Hand axe          |   105 |    43 |       |       |       ||   148
         Unarmed           |       |    58 |   342 |   520 |   195 ||  1115
         Punch             |       |     3 |    17 |    31 |    13 ||    64
  Throw: Dart              |       |       |       |     1 |       ||     1
 Invoke: Berserk           |     2 |     4 |     5 |     9 |     3 ||    23
         Brothers in Arms  |       |       |       |     1 |       ||     1
         Trog's Hand       |       |       |       |       |     1 ||     1
    Use: Scroll            |       |       |       |    19 |     2 ||    21
   Stab: Sleeping          |     1 |       |       |       |       ||     1
 Armour: Animal skin       |    13 |       |       |       |       ||    13
         Ring mail         |    37 |    63 |   105 |       |       ||   205
         Troll leather arm |       |       |    92 |    54 |       ||   146
         Plate armour      |       |       |       |   338 |   134 ||   472
  Dodge: Dodged            |    73 |    45 |   137 |   175 |   103 ||   533

Table legend: (Time is in decaauts)
 A = Elapsed time spent in this place.
 B = Non-inter-level travel time spent in this place.
 C = Inter-level travel time spent in this place.
 D = Time resting spent in this place.
 E = Time spent auto-exploring this place.
 F = Levels seen in this place.
 G = Mean time per level.
                   A        B        C        D        E       F      G
               +--------+--------+--------+--------+--------+-----+--------+
         Total |  12416 |  11598 |    818 |    743 |   8291 |  17 |  730.4 |
       Dungeon |   8791 |   8063 |    728 |    579 |   5667 |  11 |  799.2 |
        Temple |      1 |      1 |      0 |      0 |      0 |   1 |    1.0 |
          Lair |   3623 |   3533 |     90 |    163 |   2623 |   5 |  724.6 |
               +--------+--------+--------+--------+--------+-----+--------+

Top non-repeatable levels by time:
     D:8: 1294 daAuts
  Lair:2: 1077 daAuts
     D:9: 979 daAuts
     D:6: 978 daAuts
  Lair:1: 943 daAuts
     D:5: 887 daAuts
  Lair:4: 769 daAuts
     D:7: 759 daAuts
     D:4: 729 daAuts
  Lair:3: 726 daAuts
    D:10: 720 daAuts
     D:1: 698 daAuts
     D:2: 656 daAuts
     D:3: 586 daAuts
    D:11: 500 daAuts
